 Dungeon Crawl Stone Soup version 0.26-a0-540-g8a0c9464d7 (webtiles) character file.

Game seed: 6181608665101727080

60210 Inarius the Severer (level 14, -2/118 HPs)
             Began as a Ghoul Gladiator on Aug 23, 2020.
             Was the Champion of Okawaru.
             Slain by a stone giant (22 damage)
             ... on level 1 of the Orcish Mines.
             The game lasted 00:32:37 (22213 turns).

Inarius the Severer (Ghoul Gladiator)              Turns: 22213, Time: 00:32:38

Health: -2/118     AC: 24    Str: 25    XL:     14   Next: 98%
Magic:  13/13      EV:  9    Int: 10    God:    Okawaru [******]
Gold:   332        SH:  0    Dex: 10    Spells: 13/13 levels left

rFire    + + .     SeeInvis .   L - +5 battleaxe "Bile" {vorpal, rC++ MR+}
rCold    + + +     Faith    +   (shield currently unavailable)
rNeg     + + +     Spirit   .   X - +8 chain mail of Colan {MR+ Dex+3}
rPois    ∞         Reflect  .   E - +0 hat of Inarius's Honour {+Blink rF+ Dex-3}
rElec    .         Harm     .   p - scarf {repulsion}
rCorr    .                      K - +2 pair of gloves {archery}
MR       +++..                  Q - +0 pair of boots "Zet Puh" {Str+3 Slay+3}
Stlth    ..........             r - amulet of faith
HPRegen  0.00/turn              q - +6 ring of intelligence
MPRegen  0.13/turn              U - ring of protection from fire

@: mighty, repel missiles
A: rotting body, claws 1, cold resistance 1, negative energy resistance 3,
inhibited regeneration, torment resistance, unbreathing
a: Heroism, Finesse, Renounce Religion, Evoke Blink


You were on level 1 of the Orcish Mines.
You worshipped Okawaru.
Okawaru was exalted by your worship.
You visited 3 branches of the dungeon, and saw 18 of its levels.

You collected 1106 gold pieces.
You spent 774 gold pieces at shops.

Inventory:

Hand Weapons
 u - a +0 hand axe of flaming
 z - a +3 battleaxe of flaming
 G - a +6 broad axe
 L - the +5 battleaxe "Bile" (weapon) {vorpal, rC++ MR+}
   (Okawaru gifted it to you on level 11 of the Dungeon)

   It inflicts extra damage upon your enemies.
   It greatly protects you from cold.
   It affects your resistance to hostile enchantments.
Missiles
 d - a throwing net (quivered)
Armour
 p - a scarf of repulsion (worn)
 E - the +0 hat of Inarius's Honour (worn) {+Blink rF+ Dex-3}
   (Okawaru gifted it to you on level 6 of the Lair of Beasts)

   It affects your dexterity (-3).
   It protects you from fire.
   It lets you blink.
 I - a +2 cloak of stealth
 K - a +2 pair of gloves of archery (worn)
 Q - the +0 pair of boots "Zet Puh" (worn) {Str+3 Slay+3}
   (Okawaru gifted it to you on level 2 of the Lair of Beasts)

   It affects your strength (+3).
   It affects your accuracy and damage with ranged weapons and melee attacks
   (+3).
 R - a scarf of harm
 X - the +8 chain mail of Colan (worn) {MR+ Dex+3}
   (You bought it in a shop on level 4 of the Dungeon)

   It affects your dexterity (+3).
   It affects your resistance to hostile enchantments.
Jewellery
 h - the amulet of Darchedd {rPois Regen+}
   (You took it off an orc warrior on level 10 of the Dungeon)

   [amulet of regeneration]

   It protects you from poison.
   It increases your rate of regeneration.
 l - an uncursed amulet of reflection
 q - a +6 ring of intelligence (left hand)
 r - an amulet of faith (around neck)
 F - an uncursed ring of resist corrosion
 U - a ring of protection from fire (right hand)
Wands
 a - a wand of enslavement (3)
 x - a wand of digging (2)
 A - a wand of acid (9)
 C - a wand of polymorph (9)
 D - a wand of random effects (34)
 M - a wand of flame (24)
 V - a wand of paralysis (9)
Scrolls
 g - 2 scrolls of enchant armour
 n - a scroll of silence
 t - 6 scrolls of teleportation
 v - a scroll of magic mapping
 w - 16 scrolls of remove curse
 y - 4 scrolls of fog
 B - 3 scrolls of noise
 N - a scroll of immolation
Potions
 b - a potion of heal wounds
 f - 4 potions of berserk rage
 i - a potion of stabbing
 j - 2 potions of brilliance
 k - a potion of might
 m - 7 potions of flight
 o - 14 potions of curing
 H - a potion of ambrosia
 J - a potion of haste
 S - 3 potions of magic
Miscellaneous
 O - a box of beasts (3/3)
 P - a lightning rod (4/4)
 T - a condenser vane (2/2)


   Skills:
 + Level 9.2 Fighting
 * Level 16.7 Axes
 - Level 1.7 Throwing
 * Level 10.9 Armour
 - Level 2.6 Dodging
 + Level 4.5 Stealth
 * Level 1.0 Invocations
 + Level 9.0 Evocations


You had 13 spell levels left.
You didn't know any spells.
Your spell library contained the following spells:

 Spells                   Type           Power        Failure   Level
 Animate Skeleton         Necr           #.....       88%         1
 Apportation              Tloc           #.....       88%         1
 Corona                   Hex            #......      88%         1
 Magic Dart               Conj           #...         88%         1
 Summon Small Mammal      Summ           #...         88%         1
 Blink                    Tloc           N/A          95%         2
 Call Imp                 Summ           #.......     95%         2
 Slow                     Hex            #.......     95%         2
 Call Canine Familiar     Summ           #.......     99%         3
 Conjure Flame            Conj/Fire      #.......     99%         3
 Lesser Beckoning         Tloc           #.........   99%         3
 Mephitic Cloud           Conj/Pois/Air  #.......     99%         3
 Summon Guardian Golem    Hex/Summ       #.......     99%         3
 Tukima's Dance           Hex            #.......     99%         3
 Summon Ice Beast         Ice/Summ       #.......     100%        4
 Summon Lightning Spire   Summ/Air       #.......     100%        4
 Alistair's Intoxication  Tmut/Pois      #........    100%        5
 Invisibility             Hex            #.......     100%        6
 Beastly Appendage        Tmut           Unusable     N/A         1
 Wereblood                Tmut           Unusable     N/A         2
 Spider Form              Tmut/Pois      Unusable     N/A         3
 Ice Form                 Ice/Tmut       Unusable     N/A         4
 Blade Hands              Tmut           Unusable     N/A         5

Dungeon Overview and Level Annotations

Branches:
Dungeon (11/15)            Temple (0/1) D:4            Lair (6/6) D:8
  Swamp (0/4) Lair:2       Spider (0/4) Lair:3        Slime (0/5) Lair:5
    Orc (1/2) D:10

Altars:
Cheibriados
Dithmenos
Fedhas
Gozag
Okawaru
Qazlal
Ru
Trog
Vehumet
Yredelemnul
Zin
The Shining One

Shops:
D:4 *

Annotations:
D:8 1 runed translucent door
D:9 2 transporters, SatoMori's ghost, novice GnCj
Lair:2 3 runed translucent doors, Pioss's ghost, journeyman DDFi


Innate Abilities, Weirdness & Mutations

Your body is rotting away.
You thrive by killing the living.
You are immune to poison.
You have sharp fingernails.
Your flesh is cold resistant. (rC+)
You are immune to negative energy. (rN+++)
You do not regenerate when monsters are visible.
You are immune to unholy pain and torment.
You can survive without breathing.


Message History

The goblin hits you but does no damage. The stone giant hits you!
Unknown command.
You hit the stone giant.
The stone giant is lightly wounded.
The goblin hits you but does no damage. The stone giant hits you!!
Unknown command.
You feel very mighty all of a sudden. The goblin hits you but does no damage.
The stone giant hits you!!
* * * LOW HITPOINT WARNING * * *
You feel much better. The goblin hits you but does no damage.
The stone giant hits you!!
* * * LOW HITPOINT WARNING * * *
Okay, then.
You slice the stone giant!!
The stone giant is moderately wounded.
The goblin barely misses you.
You slice the stone giant!!
The stone giant is severely wounded.
The stone giant hits you!!
You die...

>**,,,,,,,,,,,,****,,*,*,,,,,,,,*
#..................,....,,,,,,***
..........#.............,,,,,**
..................#..≈≈≈≈≈≈≈,*
#....................≈#****≈,****
##.#..........#.#.#..≈#.,,*≈,,*,*
..................g..≈..∩,*≈,,,,,
.....................≈#,,,*≈,,,,*
....<>.)....(...@C...≈#****≈,,,**
..............(())...≈≈≈≈≈≈≈,,,,,
......)..)..............,,,,,,,,,
...#.....).....#.......#***,,,,,,
..........#...........##*,,,,,,,,
...........#..##.#...#.#,,,,,,,*,
.#...........#.##.......,,*,,,,,,
#...............#......,,,*,,,,,,
.#...........#.....#...,,***,,,,,


You could see a stone giant and a goblin.

Vanquished Creatures
  Kirke (Lair:6)
  A dire elephant (Lair:2)
  Fannar (D:11)
  Sonja (D:11)
  5 hydras
  A catoblepas (Lair:6)
  A centaur warrior (D:11)
  4 two-headed ogres
  6 death yaks (Lair:6)
  A deep troll shaman (Lair:6)
  An unseen horror (D:11)
  A lindwurm (Lair:6)
  Pikel (D:4)
  An orb spider (Lair:3)
  2 ugly things (D:11)
  An oklob plant (Lair:2)
  A cyclops (D:11)
  A centaur zombie (D:11)
  23 elephants
  2 molten gargoyles (Lair:4)
  2 black mambas
  11 cane toads
  A kobold demonologist (D:11)
  2 rime drakes
  3 komodo dragons (Lair:6)
  2 hornets (D:11)
  3 trolls
  Grinder (D:5)
  3 polar bears (Lair:6)
  11 blink frogs
  7 hippogriffs
  4 slime creatures (D:11)
  9 dream sheep
  Sigmund (D:5)
  A shadow (D:11)
  A spriggan (Lair:1)
  2 wyverns
  Grum (D:11)
  A basilisk (Lair:5)
  4 hogs (Lair:6)
  52 yaks
  A steam dragon (D:10)
  Edmund (D:5)
  2 wargs (D:8)
  An acid dragon (D:11)
  A soldier ant (D:8)
  11 porcupines
  3 orc warriors
  A black bear (D:8)
  14 water moccasins
  5 ice beasts
  An eye of draining (D:10)
  2 phantoms
  A sky beast (D:11)
  5 ogres
  14 wolves
  8 centaurs
  9 crocodiles
  3 big kobolds
  8 bullfrogs
  A water moccasin zombie (D:10)
  3 scorpions
  12 killer bees
  5 electric eels (Lair:1)
  6 howler monkeys
  5 lava snakes (Lair:4)
  7 orc priests
  4 bullfrog skeletons
  3 hounds
  2 jellies
  An iguana (D:10)
  10 orc wizards
  12 worker ants
  2 hound zombies
  A hound skeleton (D:10)
  A howler monkey zombie (D:5)
  A worker ant zombie (D:11)
  12 gnolls
  12 adders
  3 shadow imps
  3 ufetubi
  3 oozes
  2 adder skeletons
  5 worms
  4 dart slugs
  6 leopard geckos
  19 orcs
  11 giant cockroaches
  7 goblins
  2 hobgoblins (D:1)
  9 jackals
  10 kobolds
  2 quokkas
  3 ball pythons
  6 bats
  8 frilled lizards
  A giant cockroach zombie (D:6)
  A leopard gecko skeleton (D:5)
  2 leopard gecko zombies
  A quokka skeleton (D:5)
  9 rats
  3 fungi
  7 plants
496 creatures vanquished.

Vanquished Creatures (collateral kills)
  A kobold demonologist (D:11)
1 creature vanquished.

Vanquished Creatures (others)
  4 bushes (Lair:6)
  27 fungi
  20 plants
51 creatures vanquished.

Grand Total: 548 creatures vanquished

Notes
Turn   | Place    | Note
-------+----------+-------------------------------------------
     0 | D:1      | Inarius the Ghoul Gladiator began the quest for the Orb.
     0 | D:1      | Reached XP level 1. HP: 17/17 MP: 0/0
   190 | D:1      | Reached skill level 3 in Axes
   190 | D:1      | Reached XP level 2. HP: 24/24 MP: 1/1
   480 | D:1      | Reached XP level 3. HP: 26/30 MP: 2/2
   540 | D:1      | Reached skill level 1 in Stealth
  1074 | D:2      | Reached skill level 1 in Armour
  1088 | D:1      | Reached XP level 4. HP: 26/37 MP: 3/3
  1185 | D:1      | Reached skill level 4 in Axes
  1509 | D:2      | Found a glowing golden altar of the Shining One.
  1614 | D:2      | Reached XP level 5. HP: 42/42 MP: 4/4
  1760 | D:2      | Found an iron altar of Okawaru.
  1791 | D:2      | Became a worshipper of Warmaster Okawaru
  1825 | D:2      | Found a blossoming altar of Fedhas.
  1916 | D:2      | Found a faded altar of an unknown god.
  2699 | D:4      | Reached skill level 5 in Axes
  2699 | D:4      | Reached XP level 6. HP: 47/50 MP: 5/5
  2740 | D:4      | Noticed an ice beast
  2756 | D:4      | Killed an ice beast
  3050 | D:4      | Found Xudah's General Store.
  3056 | D:4      | Bought a scroll of remove curse for 33 gold pieces
  3056 | D:4      | Bought a potion of degeneration for 11 gold pieces
  3056 | D:4      | Bought a potion of lignification for 33 gold pieces
  3152 | D:4      | Found a staircase to the Ecumenical Temple.
  3215 | D:5      | Entered Level 5 of the Dungeon
  3223 | D:5      | Noticed Pikel
  3264 | D:4      | Killed Pikel
  3264 | D:4      | Reached * piety under Okawaru
  3264 | D:4      | Reached ** piety under Okawaru
  3264 | D:4      | Reached skill level 6 in Axes
  3264 | D:4      | Reached skill level 1 in Evocations
  3264 | D:4      | Reached XP level 7. HP: 38/57 MP: 6/6
  3413 | D:5      | Noticed Sigmund
  3432 | D:5      | Killed Sigmund
  3432 | D:5      | Reached skill level 7 in Axes
  3432 | D:5      | Reached XP level 8. HP: 62/63 MP: 7/7
  3753 | D:5      | Reached *** piety under Okawaru
  4170 | D:5      | Noticed Grinder
  4187 | D:5      | Killed Grinder
  4187 | D:5      | Reached skill level 8 in Axes
  4214 | D:5      | Found an opulent altar of Gozag.
  4295 | D:5      | Noticed Edmund
  4328 | D:5      | Killed Edmund
  4681 | D:6      | Found a radiant altar of Vehumet.
  4778 | D:6      | Reached XP level 9. HP: 62/71 MP: 8/8
  5017 | D:6      | Found a shadowy altar of Dithmenos.
  5017 | D:6      | Found a glowing silver altar of Zin.
  5022 | D:6      | Found a basalt altar of Yredelemnul.
  5022 | D:6      | Found a bloodstained altar of Trog.
  5168 | D:6      | Found a blossoming altar of Fedhas.
  5243 | D:6      | Found a stormy altar of Qazlal.
  5425 | D:7      | Reached **** piety under Okawaru
  5504 | D:7      | Found a sacrificial altar of Ru.
  5559 | D:7      | Noticed a troll
  5584 | D:7      | HP: 1/71 [troll (16)]
  6504 | D:7      | Killed a troll
  6504 | D:7      | Reached skill level 9 in Axes
  6899 | D:8      | Reached skill level 5 in Armour
  6930 | D:8      | Found a snail-covered altar of Cheibriados.
  6936 | D:8      | Found a staircase to the Lair.
  7052 | D:8      | HP: 1/72 [orc priest/divine providence (9)]
  7459 | D:8      | Found a runed translucent door.
  7460 | D:8      | Found a runed translucent door.
  7611 | D:8      | Reached ***** piety under Okawaru
  7634 | D:8      | Reached skill level 10 in Axes
  7634 | D:8      | Reached XP level 10. HP: 49/80 MP: 9/9
  8197 | D:8      | HP: 4/80 [killer bee (6)]
  8197 | D:8      | HP: 1/80 [killer bee (3)]
  8848 | D:9      | Reached skill level 5 in Fighting
  9230 | D:9      | Noticed a two-headed ogre
  9231 | D:9      | Noticed a two-headed ogre
  9231 | D:9      | Noticed SatoMori's ghost (novice GnCj)
  9248 | D:9      | Noticed a moth of wrath
  9250 | D:9      | Identified the +1 great mace of Cughoif {freeze, *Noise
                  | MR+++ Int-5 Dex+7}
  9250 | D:9      | Noticed a tengu warrior
  9251 | D:9      | Found a bloodstained altar of Trog.
  9264 | D:9      | Found a transporter.
  9266 | D:9      | Found a transporter.
  9415 | D:10     | Entered Level 10 of the Dungeon
  9728 | D:10     | Reached skill level 11 in Axes
  9904 | D:10     | Found a staircase to the Orcish Mines.
 10378 | D:11     | Noticed a cyclops
 10433 | D:11     | Noticed a kobold demonologist
 10435 | D:11     | Noticed a kobold demonologist
 10437 | D:11     | Noticed a rust devil
 10442 | D:11     | Killed a kobold demonologist
 10442 | D:11     | Reached ****** piety under Okawaru
 10446 | D:11     | Reached skill level 5 in Evocations
 10446 | D:11     | Noticed a two-headed ogre
 10450 | D:11     | Received a gift from Okawaru
 10455 | D:11     | Noticed Sonja
 10460 | D:11     | Killed a two-headed ogre
 10460 | D:11     | Reached XP level 11. HP: 83/88 MP: 10/10
 10487 | D:11     | Noticed a centaur warrior
 10491 | D:11     | Identified the amulet of Darchedd {rPois Regen+}
 10493 | D:11     | Noticed a two-headed ogre
 10495 | D:11     | Killed a centaur warrior
 10889 | D:10     | Reached skill level 12 in Axes
 10952 | D:10     | Killed a two-headed ogre
 11133 | D:11     | Killed Sonja
 11158 | D:11     | Killed an unseen horror
 11158 | D:11     | Received a gift from Okawaru
 11175 | D:11     | Got a slimy battleaxe {god gift}
 11176 | D:11     | Identified the +5 battleaxe "Bile" {vorpal, rC++ MR+}
                  | (Okawaru gifted it to you on level 11 of the Dungeon)
 11385 | D:11     | Noticed Fannar
 11402 | D:11     | Killed Fannar
 11547 | D:11     | Noticed a cyan ugly thing
 11556 | D:11     | Killed a cyan ugly thing
 11750 | D:11     | Received a gift from Okawaru
 11765 | D:11     | Killed a cyclops
 11765 | D:11     | Reached XP level 12. HP: 53/97 MP: 11/11
 11962 | D:11     | Reached skill level 13 in Axes
 11983 | D:11     | Got an ancient mace
 12305 | D:11     | Noticed Grum
 12315 | D:11     | Killed Grum
 12713 | D:11     | Noticed a two-headed ogre
 12722 | D:11     | Killed a two-headed ogre
 12923 | D:11     | Identified the +3 mace of the Open Hand {vorpal, rC+ Dex+3}
                  | (You found it on level 11 of the Dungeon)
 13020 | Lair:1   | Entered Level 1 of the Lair of Beasts
 13029 | Lair:1   | Received a gift from Okawaru
 13117 | Lair:1   | Noticed a six-headed hydra
 13128 | Lair:1   | Killed a one-headed hydra
 13721 | Lair:1   | Received a gift from Okawaru
 14299 | Lair:2   | Reached skill level 14 in Axes
 14308 | Lair:2   | Received a gift from Okawaru
 14579 | Lair:1   | Reached XP level 13. HP: 57/105 MP: 12/12
 14956 | Lair:2   | Noticed a dire elephant
 14964 | Lair:2   | Killed a dire elephant
 15203 | Lair:2   | Found a runed translucent gate.
 15203 | Lair:2   | Found a runed translucent gate.
 15203 | Lair:2   | Found a runed translucent gate.
 15204 | Lair:2   | Noticed Pioss's ghost (journeyman DDFi)
 15300 | Lair:2   | Got a pair of jewelled boots {god gift}
 15311 | Lair:2   | Identified the +0 pair of boots "Zet Puh" {Str+3 Slay+3}
                  | (Okawaru gifted it to you on level 2 of the Lair of Beasts)
 15327 | Lair:2   | You fall into a shaft and drop 1 floor!
 15684 | Lair:2   | Found a staircase to the Swamp.
 16075 | Lair:2   | Received a gift from Okawaru
 16075 | Lair:2   | Reached skill level 15 in Axes
 16378 | Lair:3   | Found a hole to the Spider Nest.
 18336 | D:4      | Bought the +8 chain mail of Colan {MR+ Dex+3} for 697 gold
                  | pieces
 19088 | Lair:5   | Found a staircase to the Slime Pits.
 19357 | Lair:6   | Entered Level 6 of the Lair of Beasts
 19423 | Lair:5   | Reached XP level 14. HP: 99/116 MP: 13/13
 19428 | Lair:6   | Received a gift from Okawaru
 19432 | Lair:6   | Reached skill level 10 in Armour
 19441 | Lair:6   | Got a distressingly furry hat {god gift}
 19452 | Lair:6   | Identified the +0 hat of Inarius's Honour {+Blink rF+
                  | Dex-3} (Okawaru gifted it to you on level 6 of the Lair of
                  | Beasts)
 19805 | Lair:6   | HP: 3/116 [something/blast of calcifying dust (10)]
 20085 | Lair:6   | Reached skill level 16 in Axes
 21521 | Lair:6   | Received a gift from Okawaru
 21621 | Lair:6   | Noticed Kirke
 21632 | Lair:6   | Killed Kirke
 22172 | Orc:1    | Entered Level 1 of the Orcish Mines
 22200 | Orc:1    | Noticed a stone giant
 22204 | Orc:1    | Reached skill level 1 in Invocations
 22213 | Orc:1    | Slain by a stone giant

Illustrated notes

Levels and vault maps discovered:
D:1:      dpeg_arrival_rhombi, layout_loops_ring
D:2:      layout_loops_ring, lemuel_round_altar, tso_metal_star,
          chequers_ecumenical_altar_island, fedhas_altar_1
D:3:      layout_basic, saegor_snake_ambush
D:4:      layout_cave_pools, temple_green, serial_shops, nicolae_shop_crystal
D:5:      layout_rooms, overflow_temple_1_default, uniq_sigmund, uniq_pikel,
          uniq_edmund, uniq_grinder
D:6:      layout_basic, kennysheep_mini_moat, nicolae_overflow_hidden_temple,
          lemuel_coloured_pillars_altar, grunt_temple_overflow_open
D:7:      layout_basic, lemuel_doored_altar
D:8:      lemuel_insect_pit, layout_basic, cheibriados_altar_1,
          erik_lair_orcish_takeover, serial_rivers,
          chequers_serial_rivers_room_a, chequers_serial_rivers_small_b,
          chequers_serial_rivers_micro_d, chequers_serial_rivers_micro_d,
          chequers_serial_rivers_micro_d, eino_jars
D:9:      layout_roguey, gammafunk_ghost_wrathful_warriors
D:10:     layout_basic, orc_0_dummy, kennysheep_generic_room_14
D:11:     minmay_the_grid_square_5x5_3x3 [minmay_the_grid_square_5x5_percent,
          minmay_the_grid_square_5x5_spiral, minmay_the_grid_square_5x5_longway,
          minmay_the_grid_square_5x5_one_wall,
          minmay_the_grid_square_5x5_megaprize_open,
          minmay_the_grid_square_5x5_corner,
          minmay_the_grid_square_5x5_misaligned, minmay_the_grid_square_5x5_c,
          minmay_the_grid_square_5x5_n_small], layout_gridville, uniq_grum,
          uniq_sonja, uniq_fannar
Lair:1:   layout_regular_city, serial_bayou_lake_a
Lair:2:   mu_elephants_graveyard, layout_regular_city, swamp_mist,
          gammafunk_ghost_hydra_chop, beast_lair_carwin_7
Lair:3:   layout_cave_pods, nicolae_spider_entry_orb_guardian,
          serial_bayou_shore_b, lemuel_fruit_tree
Lair:4:   cheibrodos_magma_flow, layout_cave_pods, serial_bayou_shore_b
Lair:5:   layout_cave_pods, slime_dummy
Lair:6:   grunt_lair_end_beastmaster, layout_cave_pods, minivault_24,
          minivault_27, infiniplex_staircase_pool_2, uniq_kirke
Orc:1:    layout_caves, enter_bailey_3

Skill      XL: |  1  2  3  4  5  6  7  8  9 10 11 12 13 14 |
---------------+-------------------------------------------+-----
Axes           | 3 4 5 6 7 8 10 11 12 14 15 16 | 16.7
Stealth        | 1 3 4 |  4.5
Armour         | 1 2 3 4 5 6 7 8 9 10 | 10.9
Fighting       | 3 4 5 6 7 8 9 |  9.2
Evocations     | 1 2 3 5 6 7 8 9 |  9.0
Invocations    | 1 |  1.0
Throwing       | |  1.7
Dodging        | |  2.6

Action                   |  1- 3 |  4- 6 |  7- 9 | 10-12 | 13-15 || total
-------------------------+-------+-------+-------+-------+-------++-------
Melee: War axe           |   112 |   209 |   265 |       |       ||   586
       Broad axe         |       |       |    98 |   232 |       ||   330
       Battleaxe         |       |       |       |   252 |   511 ||   763
       Hand axe          |       |       |       |     7 |    33 ||    40
Throw: Throwing net      |       |       |    11 |     2 |     2 ||    15
Invok: Heroism           |       |       |       |     1 |       ||     1
Evoke: Wand              |       |       |     9 |    23 |     7 ||    39
       Lightning rod     |       |       |       |       |     1 ||     1
  Use: Scroll            |       |     8 |    12 |     6 |    13 ||    39
       Potion            |       |     3 |     4 |     1 |     6 ||    14
 Stab: Sleeping          |     1 |       |       |       |       ||     1
       Held in net/web   |       |       |     1 |       |     2 ||     3
       Paralysed         |       |       |       |    17 |       ||    17
       Petrified         |       |       |       |       |     2 ||     2
       Petrifying        |       |       |       |       |     1 ||     1
Armor: Leather armour    |    28 |       |       |       |       ||    28
       Chain mail        |    20 |   157 |    61 |    72 |   234 ||   544
       Ring mail         |       |     9 |   142 |       |       ||   151
       Plate armour      |       |       |       |   296 |   152 ||   448
Dodge: Dodged            |    86 |   109 |   228 |   257 |   214 ||   894
       Repelled          |       |     1 |     1 |     6 |     2 ||    10
Block: Other             |       |    10 |       |       |       ||    10

Table legend: (Time is in decaauts)
 A = Elapsed time spent in this place.
 B = Non-inter-level travel time spent in this place.
 C = Inter-level travel time spent in this place.
 D = Time resting spent in this place.
 E = Time spent auto-exploring this place.
 F = Levels seen in this place.
 G = Mean time per level.
                   A        B        C        D        E       F      G
               +--------+--------+--------+--------+--------+-----+--------+
         Total |  22376 |  21036 |   1340 |   3490 |  13181 |  18 | 1243.1 |
       Dungeon |  13448 |  12620 |    828 |   1862 |   8129 |  11 | 1222.5 |
          Lair |   8890 |   8378 |    512 |   1628 |   5051 |   6 | 1481.7 |
  Orcish Mines |     38 |     38 |      0 |      0 |      0 |   1 |   38.0 |
               +--------+--------+--------+--------+--------+-----+--------+

Top non-repeatable levels by time:
  Lair:6: 2060 daAuts
     D:8: 2022 daAuts
    D:11: 1956 daAuts
  Lair:1: 1815 daAuts
    D:10: 1612 daAuts
  Lair:5: 1411 daAuts
     D:1: 1364 daAuts
  Lair:4: 1304 daAuts
  Lair:2: 1300 daAuts
     D:6: 1218 daAuts
     D:7: 1067 daAuts
     D:5: 1020 daAuts
  Lair:3: 997 daAuts
     D:4: 913 daAuts
     D:9: 899 daAuts
